 Dungeon Crawl Stone Soup version 0.31-a0-145-g046c7d2549 (webtiles) character file.

Game seed: 10028551755639145553

156 2FriedEggs the Slasher (level 5, 0/36 HPs)
             Began as an Octopode Berserker on June 6, 2023.
             Was a Believer of Trog.
             Killed from afar by an orc wizard (9 damage)
             ... with a puff of flame
             ... on level 4 of the Dungeon.
             The game lasted 00:05:40 (2681 turns).

2FriedEggs the Slasher (Octopode Berserker)         Turns: 2681, Time: 00:05:41

Health: 0/36       AC:  1    Str: 16    XL:     5   Next: 37%
Magic:  4/4        EV: 14    Int:  9    God:    Trog [**....]
Gold:   95         SH:  5    Dex: 14    Spells: 4/4 levels left

rFire   . . .        a - +0 falchion
rCold   . . .        p - +2 buckler
rNeg    . . .        (helmet restricted)
rPois   .            b - amulet of magic regeneration
rElec   .            (no ring)
rCorr   .            (no ring)
SInv    .            (no ring)
Will    .....        (no ring)
Stlth   ++           (no ring)
HPRegen 0.26/turn    (no ring)
MPRegen 0.49/turn    (no ring)
                     (no ring)

%: no passive effects
@: no status effects
A: almost no armour, amphibious, 8 rings, camouflage 1, gelatinous body 1,
(nimble swimmer 1), tentacles, low MP 1, MP-powered wands
a: Renounce Religion, Berserk, Trog's Hand


You were on level 4 of the Dungeon.
You worshipped Trog.
Trog was pleased with you.
You visited 1 branch of the dungeon, and saw 4 of its levels.

You collected 95 gold pieces.

Inventory:

Hand Weapons
 a - a +0 falchion (weapon)
Missiles
 l - 4 javelins (quivered)
Armour
 p - a +2 buckler (worn)
Jewellery
 b - an amulet of magic regeneration (around mantle)
Scrolls
 f - 4 scrolls of teleportation
 j - 2 scrolls of enchant armour
 k - a scroll of silence
 o - 3 scrolls of fog {unknown}
 q - a scroll of brand weapon {unknown}
Potions
 c - a potion of lignification {unknown}
 d - 3 potions of mutation
 e - a potion of enlightenment {unknown}
 g - a potion of heal wounds {unknown}
 h - 3 potions of curing
 i - a potion of might {unknown}
 m - a potion of attraction {unknown}
 n - 3 potions of brilliance {unknown}


   Skills:
 - Level 3.0 Fighting
 * Level 5.1 Long Blades
 + Level 4.2 Dodging


You had 4 spell levels left.
You didn't know any spells.
Your spell library was empty.

Dungeon Overview and Level Annotations

Branches:
Dungeon (4/15)
 Temple: D:4-7

Altars:

Shops:
D:2 =

Annotations:
D:3 3 runed translucent doors, Dittersdorf's ghost, amateur GrFi


Innate Abilities, Weirdness & Mutations

You cannot wear most types of armour.
You are amphibious.
You can wear up to eight rings at the same time.
Your skin changes colour to match your surroundings (Stealth+).
Your rubbery body absorbs attacks. (AC +1, EV +1)
((You are camouflaged when in or above water. (Stealth+)))
You have tentacles for arms and can constrict up to eight enemies at once.
Your magical capacity is low. (-10% MP)
You expend magic power (3 MP) to strengthen your wands.


Message History

You closely miss the orc. You grab the orc. You squeeze the orc!
You kill the orc!
Trog accepts your kill.
You completely miss the orc. You grab the orc. You squeeze the orc.
The orc is almost dead.
You constrict the orc.
You kill the orc!
Trog accepts your kill.
You miss something.
Your tentacle-slap misses something.
You squeeze something.
You hear some strange, mumbled words.
You are confused.
You miss something. Your squeeze misses something. Something hits you. x2
You're too confused to move!
Something hits you.
You bump into the rock wall.
Something hits you.
You bump into the rock wall.
Something hits you.
You hit something but do no damage.
You hear some strange, mumbled words.
A puff of flame appears from out of thin air!
The puff of flame misses you.
You hit something.
You hear some strange, mumbled words.
A magic dart appears from out of thin air!
The magic dart hits you!
You're too confused to move!
You feel less confused. Something hits you.
You miss something. Something hits you.
You miss something. Your squeeze misses something. Something barely misses you.
Okay, then.
You slash something! Something barely misses you.
You barely miss something. Your squeeze misses something. Something hits you.
You miss something. Something hits you.
* * * LOW HITPOINT WARNING * * *
You barely miss something. Something completely misses you.
You miss something. Your squeeze misses something. Something barely misses you.
You miss something.
You hear some strange, mumbled words.
A puff of flame appears from out of thin air!
The puff of flame hits you!
You die...

#####..
##....... ##.#
#).# ......#{#
#######@#
#######.##
#...##...#####
#..............
#
#...##...######
#.####......##
. #.........).#
. ............#
#
########......#


There were no monsters in sight!

Vanquished Creatures
  An orc wizard (D:4)
  Robin (D:2)
  4 adders
  3 dart slugs
  6 orcs
  9 ball pythons
  7 bats
  An endoplasm (D:2)
  A giant cockroach (D:2)
  14 goblins
  8 hobgoblins
  4 jackals (D:1)
  A kobold (D:2)
  2 quokkas
  3 frilled lizards (D:3)
  6 rats
71 creatures vanquished.

Vanquished Creatures (others)
  An endoplasm (D:4)
1 creature vanquished.

Grand Total: 72 creatures vanquished

Notes
Turn   | Place    | Note
-------+----------+-------------------------------------------
     0 | D:1      | 2FriedEggs the Octopode Berserker began the quest for the
                  | Orb.
     0 | D:1      | Reached XP level 1. HP: 16/16 MP: 1/1
    93 | D:1      | Reached XP level 2. HP: 21/21 MP: 2/2
   346 | D:1      | Reached XP level 3. HP: 24/26 MP: 3/3
   873 | D:2      | Reached skill level 4 in Long Blades
  1008 | D:2      | Identified the +3 helmet of Happy Babbling {rElec rF+ rC++
                  | Stlth+}
  1008 | D:2      | Noticed Robin
  1054 | D:2      | Reached ** piety under Trog
  1258 | D:2      | Reached XP level 4. HP: 31/31 MP: 4/4
  1276 | D:2      | Found Koiphau's Jewellery Shoppe.
  1364 | D:2      | Killed Robin
  2290 | D:3      | Found a runed translucent gate.
  2290 | D:3      | Found a runed translucent gate.
  2290 | D:3      | Found a runed translucent gate.
  2291 | D:3      | Noticed Dittersdorf's ghost (amateur GrFi)
  2291 | D:3      | Noticed a kobold brigand
  2564 | D:4      | Reached XP level 5. HP: 36/36 MP: 5/5
  2653 | D:4      | Gained mutation: Your magical capacity is low. (-10% MP)
                  | [potion of mutation]
  2653 | D:4      | Gained mutation: You expend magic power (3 MP) to
                  | strengthen your wands. [potion of mutation]
  2663 | D:4      | Reached skill level 5 in Long Blades
  2681 | D:4      | Killed from afar by an orc wizard

Illustrated notes

Levels and vault maps discovered:
D:1:      ldierk_walled_garden_2, layout_loops_ring, minmay_ruptured
D:2:      layout_basic, serial_shops, shop, uniq_robin
D:3:      layout_loops_ring, gammafunk_ghost_nasty_kobolds
D:4:      layout_loops_ring, lemuel_temple_firewalk_a, serial_shops,
          nicolae_shop_waterfront

Skill      XL: |  1  2  3  4  5 |
---------------+----------------+-----
Long Blades    | 4 5 |  5.1
Dodging        | 4 |  4.2
Fighting       | |  3.0

Action                     |  1- 3 |  4- 6 || total
---------------------------+-------+-------++-------
  Melee: Falchion          |    62 |    91 ||   153
         Constrict         |    16 |    20 ||    36
         Tentacles         |     7 |    17 ||    24
         Punch             |       |     1 ||     1
    Use: Scroll            |     3 |       ||     3
         Potion            |       |     2 ||     2
   Stab: Sleeping          |     6 |     7 ||    13
 Armour: Skin              |    12 |     5 ||    17
  Dodge: Dodged            |    49 |    47 ||    96
  Block: Buckler           |       |     9 ||     9

Table legend: (Time is in decaauts)
 A = Elapsed time spent in this place.
 B = Non-inter-level travel time spent in this place.
 C = Inter-level travel time spent in this place.
 D = Time resting spent in this place.
 E = Time spent auto-exploring this place.
 F = Levels seen in this place.
 G = Mean time per level.
                   A        B        C        D        E       F      G
               +--------+--------+--------+--------+--------+-----+--------+
         Total |   2697 |   2659 |     38 |    158 |   1948 |   4 |  674.2 |
       Dungeon |   2697 |   2659 |     38 |    158 |   1948 |   4 |  674.2 |
               +--------+--------+--------+--------+--------+-----+--------+

Top non-repeatable levels by time:
     D:2: 967 daAuts
     D:1: 805 daAuts
     D:3: 749 daAuts
     D:4: 175 daAuts
